Canucks vs Sabres

Created - January-15-15 at 18:17

Goals
1 2 3 OT1 T
Canucks 1 0 2 1 4
Sabres 0 2 1 0 3
Shots
1 2 3 OT1 T
Canucks 1 5 7 1 14
Sabres 11 14 13 0 38

1st period

1. Canucks , Logan Couture 14 (Ryan OReilly, Erik Karlsson) at 11:01 (SH)

Penalties :
Justin Braun (VAN) for Tripping (Minor) at 1:29, Erik Karlsson (VAN) for Holding (Minor) at 3:57, Justin Braun (VAN) for Charging (Double Minor) at 7:04, P.K. Subban (VAN) for Slashing (Minor) at 11:10

2nd period

2. Sabres , Nino Niederreiter 8 (Paul Gaustad) at 13:19
3. Sabres , Jason Pominville 17 (Kyle Turris, Oliver Ekman-Larsson) at 14:20 (PP)

Penalties :
Ryan Johansen (VAN) for Holding Stick (Minor) at 9:47, Ryan Johansen (VAN) for Hooking (Minor) at 14:00, Ryan Johansen (VAN) for Hooking (Minor) at 16:54

3rd period

4. Canucks , Logan Couture 15 (Ryan OReilly, Erik Karlsson) at 17:10
5. Canucks , Brent Burns 16 (Jonas Brodin) at 17:20
6. Sabres , Nino Niederreiter 9 (Brad Stuart, Paul Gaustad) at 19:06

Penalties :
P.K. Subban (VAN) for Holding (Minor) at 9:59, Brayden Schenn (BUF) for Hooking (Minor) at 13:49, Josh Gorges (BUF) for Interference (Minor) at 19:21

Overtime #1

7. Canucks , Vladimir Sobotka 4 (Andrei Markov, Brent Burns) at 1:09 (PP)

Penalties :
No Penalty

Goalie Stats

Henrik Lundqvist (VAN), 35 saves from 38 shots - (0.921), W, 24-11-1, 61:10 minutes
Jhonas Enroth (BUF), 10 saves from 14 shots - (0.714), OTL, 3-3-1, 61:04 minutes

Players Stats for Canucks

Player Name              G  A  P  +/- PIM S  H  SB GA TA FO     MP     PP MP  PK MP  
------------------------------------------------------------------------------------
Adam Henrique            0  0  0   0  0   1  2  0  0  0  3/8    22:14   0:38   5:54 
Alex Pietrangelo         0  0  0   0  0   0  0  3  0  0  0/0    23:47   1:40   7:47 
Andrei Markov            0  1  1   0  0   0  0  1  0  0  0/0    21:47   0:00   7:47 
Brandon Pirri            0  0  0   0  0   1  0  0  0  0  1/2     2:33   0:00   0:00 
Brent Burns              1  1  2   0  0   1  2  0  0  0  0/1    12:55   0:57   0:00 
Chris Kreider            0  0  0   0  0   1  2  0  0  0  0/0    12:30   0:00   0:00 
Claude Giroux            0  0  0   0  0   0  0  0  0  0  9/20   16:31   1:40   0:00 
Dmitry Kulikov           0  0  0   0  0   0  0  0  0  0  0/0     4:10   0:00   0:00 
Erik Karlsson            0  2  2   1  2   0  3  3  0  0  0/0    21:08   0:57   2:21 
Jonas Brodin             0  1  1   1  0   0  1  2  0  0  0/0    18:16   0:00   8:26 
Justin Braun             0  0  0   0  6   0  2  0  0  0  0/0    14:55   0:00   5:07 
Logan Couture            2  0  2   1  0   4  1  0  0  0  7/13   23:23   0:57  10:19 
Nazem Kadri              0  0  0   0  0   0  0  0  0  0  3/13   12:55   0:57   0:00 
P.K. Subban              0  0  0   0  4   0  4  0  0  0  0/0    16:56   1:40   0:58 
Phil Kessel              0  0  0   0  0   3  0  0  0  0  1/2    15:42   1:02   0:00 
Ryan Johansen            0  0  0   0  6   2  7  0  0  0  0/0    16:28   1:40   0:00 
Ryan OReilly             0  2  2   1  0   0  0  0  0  0  8/20   23:23   0:57  10:19 
Vladimir Sobotka         1  0  1   0  0   1  0  0  0  0  1/1     8:46   0:00   5:54 

Players Stats for Sabres

Player Name              G  A  P  +/- PIM S  H  SB GA TA FO     MP     PP MP  PK MP  
------------------------------------------------------------------------------------
Brad Boyes               0  0  0   0  0   4  0  0  0  0  0/0    16:37   1:05   0:36 
Brad Stuart              0  1  1   1  0   0  2  1  0  0  0/0    11:56   0:00   1:07 
Brayden Schenn           0  0  0  -1  2   3  1  0  0  0  2/3    20:19   9:08   0:00 
Braydon Coburn           0  0  0  -2  0   2  1  0  0  0  0/0    20:33   8:01   0:35 
Daniel Winnik            0  0  0   0  0   0  0  0  0  0  1/1     5:45   0:00   2:01 
Eric Gelinas             0  0  0   0  0   0  0  0  0  0  0/0     3:50   0:00   0:35 
Francois Beauchemin      0  0  0   0  0   4  5  0  0  0  0/0    25:26   8:12   2:05 
Jason Pominville         1  0  1  -1  0   4  1  0  0  0  1/2    23:39   7:05   0:00 
Johnny Oduya             0  0  0   1  0   0  0  0  0  0  0/0    11:51   0:00   0:00 
Jordan Staal             0  0  0  -1  0   2  0  0  0  0  11/20  21:12   9:08   0:52 
Josh Gorges              0  0  0  -2  2   4  2  3  0  0  0/0    20:50   8:01   0:53 
Kyle Turris              0  1  1  -1  0   3  2  0  0  0  17/32  23:39   7:05   0:00 
Nino Niederreiter        2  0  2   0  0   3  1  0  0  0  2/2    17:43   8:03   0:00 
Oliver Ekman-Larsson     0  1  1   0  0   7  1  3  0  0  0/0    27:53   8:12   2:19 
Paul Byron               0  0  0   1  0   0  0  0  0  0  0/1     9:40   0:00   0:00 
Paul Gaustad             0  2  2   1  0   1  0  0  0  0  12/18  12:35   0:00   2:55 
Thomas Vanek             0  0  0  -1  0   1  3  0  0  0  1/1    23:39   7:05   0:00 
Tom Pyatt                0  0  0   0  0   0  0  0  0  0  0/0     3:44   0:00   0:00 

3 Stars

1 - Logan Couture (VAN)
2 - Nino Niederreiter (BUF)
3 - Brent Burns (VAN)

Power Play

Canucks - 1 on 2 Attempt(s) - 50.00%
Sabres - 1 on 9 Attempt(s) - 11.11%

Penalty Kill

Canucks - 8 on 9 Attempt(s) - 88.89% - Score 1 goal in Penalty Kill
Sabres - 1 on 2 Attempt(s) - 50.00% - Score 0 goal in Penalty Kill

Team Stat

Canucks - Hits : 24 - Faceoff Wins : 33 - Blocked Shots : 9 - Penalty Minutes : 18
Sabres - Hits : 19 - Faceoff Wins : 47 - Blocked Shots : 7 - Penalty Minutes : 4

Official

Referees : Dennis LaRue and Francis Charron
Linesman : Tony Sericolo and Steve Barton

Game Notes

No Game Note

Finance

Level 1 -- Attendance: 6500 (100.00%) -- Ticket Income $585,000
Level 2 -- Attendance: 4467 (89.34%) -- Ticket Income $335,025
Level 3 -- Attendance: 3248 (92.80%) -- Ticket Income $178,640
Level 4 -- Attendance: 2690 (100.00%) -- Ticket Income $94,150
Luxury Box -- Attendance: 979 (97.90%) -- Ticket Income $195,800
Game was played at the First Niagara Center'
Total Attendance: 17884 (95.69%)
Total Ticket Income: $1,388,615
Other Income: $208,292
Total Income: $1,596,907

% Time on Ice - Canucks

Lines # - Real PCT - Wanted PCT - Time Play
Normal Forward
1 - 36% - 34% - 14:51
2 - 29% - 31% - 12:07
3 - 28% - 25% - 11:39
4 - 6% - 10% - 2:33
Normal Defense
1 - 33% - 34% - 13:29
2 - 33% - 32% - 13:41
3 - 24% - 25% - 9:50
4 - 10% - 9% - 4:10
PP Forward
1 - 64% - 60% - 1:40
2 - 36% - 40% - 0:57
PP Defense
1 - 36% - 62% - 0:57
2 - 64% - 38% - 1:40
PK Forward
1 - 64% - 60% - 10:19
2 - 36% - 40% - 5:54
PK Defense
1 - 48% - 50% - 7:47
2 - 52% - 50% - 8:26
PK3 Forward
1 - 0% - 60%
2 - 0% - 40%
PK3 Defense
1 - 0% - 60%
2 - 0% - 40%
44 Forward
1 - 73% - 52% - 0:51
2 - 27% - 48% - 0:19
44 Defense
1 - 73% - 51% - 0:51
2 - 27% - 49% - 0:19
Last Minute Offensive  - 0:00
Last Minute Defensive  - 0:00
Total
Forward - 61:10
Defense - 61:10

% Time on Ice - Sabres

Lines # - Real PCT - Wanted PCT - Time Play
Normal Forward
1 - 40% - 40% - 16:34
2 - 27% - 30% - 11:12
3 - 23% - 20% - 9:40
4 - 9% - 10% - 3:44
Normal Defense
1 - 37% - 40% - 15:09
2 - 29% - 30% - 11:57
3 - 26% - 20% - 10:49
4 - 8% - 10% - 3:15
PP Forward
1 - 44% - 60% - 7:05
2 - 56% - 40% - 9:08
PP Defense
1 - 51% - 60% - 8:12
2 - 49% - 40% - 8:01
PK Forward
1 - 77% - 60% - 2:01
2 - 23% - 40% - 0:36
PK Defense
1 - 57% - 60% - 1:30
2 - 43% - 40% - 1:07
PK3 Forward
1 - 77% - 60% - 0:54
2 - 23% - 40% - 0:16
PK3 Defense
1 - 50% - 60% - 0:35
2 - 50% - 40% - 0:35
44 Forward
1 - 0% - 60%
2 - 0% - 40%
44 Defense
1 - 0% - 60%
2 - 0% - 40%
Last Minute Offensive  - 0:00
Last Minute Defensive  - 0:00
Total
Forward - 61:10
Defense - 61:10

Play by Play

1st period


0:01 of 1st period - Claude Giroux wins face-off versus Kyle Turris in neutral zone.
0:31 of 1st period - Jason Pominville is hit by Ryan Johansen and loses puck.
1:28 of 1st period - Shot by Brad Boyes.
1:28 of 1st period - Stopped by Henrik Lundqvist without a rebound.
1:29 of 1st period - Nino Niederreiter wins face-off versus Nazem Kadri in Canucks zone.
1:29 of 1st period - Minor Penalty to Justin Braun for Tripping.
1:30 of 1st period - Ryan OReilly wins face-off versus Jordan Staal in Canucks zone.
1:43 of 1st period - Shot by Josh Gorges.
1:43 of 1st period - Shot Misses the Net.
3:33 of 1st period - Icing by Johnny Oduya.
3:34 of 1st period - Daniel Winnik wins face-off versus Nazem Kadri in Sabres zone.
3:34 of 1st period - Daniel Winnik is hit by Chris Kreider.
3:39 of 1st period - Johnny Oduya is hit by Erik Karlsson and loses puck.
3:55 of 1st period - Brad Boyes is hit by Erik Karlsson and loses puck.
3:57 of 1st period - Minor Penalty to Erik Karlsson for Holding.
3:58 of 1st period - Adam Henrique wins face-off versus Kyle Turris in Canucks zone.
4:19 of 1st period - Shot by Francois Beauchemin.
4:19 of 1st period - Stopped by Henrik Lundqvist without a rebound.
4:20 of 1st period - Adam Henrique wins face-off versus Jordan Staal in Canucks zone.
4:20 of 1st period - Adam Henrique is hit by Nino Niederreiter.
4:43 of 1st period - Shot by Jordan Staal.
4:43 of 1st period - Stopped by Henrik Lundqvist without a rebound.
4:44 of 1st period - Ryan OReilly wins face-off versus Kyle Turris in Canucks zone.
4:44 of 1st period - Logan Couture is hit by Kyle Turris and loses puck.
4:55 of 1st period - Shot by Oliver Ekman-Larsson.
4:55 of 1st period - Shot Misses the Net.
4:57 of 1st period - Shot by Oliver Ekman-Larsson.
4:57 of 1st period - Shot Blocked by Jonas Brodin.
4:59 of 1st period - Shot by Oliver Ekman-Larsson.
4:59 of 1st period - Stopped by Henrik Lundqvist without a rebound.
5:00 of 1st period - Jordan Staal wins face-off versus Ryan OReilly in Canucks zone.
5:03 of 1st period - Shot by Jordan Staal.
5:03 of 1st period - Shot Misses the Net.
5:31 of 1st period - Shot by Oliver Ekman-Larsson.
5:31 of 1st period - Stopped by Henrik Lundqvist with a rebound.
5:33 of 1st period - Shot by Francois Beauchemin.
5:33 of 1st period - Shot Blocked by Alex Pietrangelo.
6:03 of 1st period - Shot by Tom Pyatt.
6:03 of 1st period - Shot Blocked by Erik Karlsson.
6:39 of 1st period - Shot by Nazem Kadri.
6:39 of 1st period - Shot Hit the Post.
6:59 of 1st period - Daniel Winnik is hit by Ryan Johansen.
7:02 of 1st period - Icing by Justin Braun.
7:03 of 1st period - Kyle Turris wins face-off versus Claude Giroux in Canucks zone.
7:03 of 1st period - Braydon Coburn is hit by Justin Braun and loses puck.
7:04 of 1st period - Double Minor Penalty to Justin Braun for Charging.
7:05 of 1st period - Adam Henrique wins face-off versus Kyle Turris in Canucks zone.
7:16 of 1st period - Shot by Oliver Ekman-Larsson.
7:16 of 1st period - Shot Blocked by Alex Pietrangelo.
7:18 of 1st period - Shot by Francois Beauchemin.
7:18 of 1st period - Shot Blocked by Alex Pietrangelo.
7:45 of 1st period - Icing by Oliver Ekman-Larsson.
7:46 of 1st period - Vladimir Sobotka wins face-off versus Jason Pominville in Sabres zone.
8:33 of 1st period - Shot by Brayden Schenn.
8:33 of 1st period - Stopped by Henrik Lundqvist with a rebound.
9:23 of 1st period - Shot by Francois Beauchemin.
9:23 of 1st period - Stopped by Henrik Lundqvist without a rebound.
9:24 of 1st period - Ryan OReilly wins face-off versus Jordan Staal in Canucks zone.
9:35 of 1st period - Shot by Jordan Staal.
9:35 of 1st period - Shot Misses the Net.
9:37 of 1st period - Shot by Jordan Staal.
9:37 of 1st period - Shot Blocked by Erik Karlsson.
9:39 of 1st period - Shot by Braydon Coburn.
9:39 of 1st period - Stopped by Henrik Lundqvist without a rebound.
9:40 of 1st period - Ryan OReilly wins face-off versus Kyle Turris in Canucks zone.
9:49 of 1st period - Shot by Kyle Turris.
9:49 of 1st period - Stopped by Henrik Lundqvist without a rebound.
9:50 of 1st period - Jordan Staal wins face-off versus Ryan OReilly in Canucks zone.
9:59 of 1st period - Shot by Braydon Coburn.
9:59 of 1st period - Shot Misses the Net.
11:01 of 1st period - Shot by Logan Couture.
11:01 of 1st period - Goal by Logan Couture - Canucks : 1 - Sabres : 0.
11:02 of 1st period - Kyle Turris wins face-off versus Adam Henrique in neutral zone.
11:04 of 1st period - Oliver Ekman-Larsson is hit by Brent Burns and loses puck.
11:10 of 1st period - Minor Penalty to P.K. Subban for Slashing.
11:11 of 1st period - Kyle Turris wins face-off versus Adam Henrique in Canucks zone.
11:20 of 1st period - Shot by Francois Beauchemin.
11:20 of 1st period - Shot Blocked by Andrei Markov.
12:48 of 1st period - Icing by Jordan Staal.
12:49 of 1st period - Ryan OReilly wins face-off versus Jordan Staal in Sabres zone.
13:02 of 1st period - Shot by Logan Couture.
13:02 of 1st period - Shot Blocked by Josh Gorges.
13:20 of 1st period - Nazem Kadri is hit by Brad Stuart and loses puck.
16:59 of 1st period - Jason Pominville is hit by Jonas Brodin and loses puck.
17:05 of 1st period - Icing by Ryan OReilly.
17:06 of 1st period - Logan Couture wins face-off versus Jordan Staal in Canucks zone.
17:32 of 1st period - Justin Braun is hit by Brayden Schenn and loses puck.
18:14 of 1st period - Icing by Jonas Brodin.
18:15 of 1st period - Paul Gaustad wins face-off versus Logan Couture in Canucks zone.
18:21 of 1st period - Nino Niederreiter is hit by Justin Braun and loses puck.
18:32 of 1st period - Shot by Nino Niederreiter.
18:32 of 1st period - Shot Misses the Net.
18:34 of 1st period - Shot by Paul Gaustad.
18:34 of 1st period - Stopped by Henrik Lundqvist without a rebound.
18:35 of 1st period - Kyle Turris wins face-off versus Adam Henrique in Canucks zone.
18:42 of 1st period - Shot by Kyle Turris.
18:42 of 1st period - Stopped by Henrik Lundqvist without a rebound.
18:43 of 1st period - Claude Giroux wins face-off versus Kyle Turris in Canucks zone.
19:42 of 1st period - Shot by Nazem Kadri.
19:42 of 1st period - Shot Blocked by Josh Gorges.
Goals for this period are 1 for Canucks vs 0 for Sabres.
Shots for this period are 1 for Canucks vs 11 for Sabres.

2nd period


0:01 of 2nd period - Jordan Staal wins face-off versus Claude Giroux in neutral zone.
0:20 of 2nd period - Shot by Ryan Johansen.
0:20 of 2nd period - Shot Misses the Net.
0:40 of 2nd period - Off-side.
0:41 of 2nd period - Thomas Vanek wins face-off versus Ryan OReilly in neutral zone.
1:31 of 2nd period - Off-side.
1:32 of 2nd period - Claude Giroux wins face-off versus Jordan Staal in neutral zone.
2:17 of 2nd period - Shot by Adam Henrique.
2:17 of 2nd period - Stopped by Jhonas Enroth without a rebound.
2:18 of 2nd period - Nazem Kadri wins face-off versus Paul Gaustad in Sabres zone.
3:40 of 2nd period - Paul Gaustad is hit by P.K. Subban and loses puck.
4:13 of 2nd period - Shot by Brad Boyes.
4:13 of 2nd period - Shot Misses the Net.
4:30 of 2nd period - Oliver Ekman-Larsson is hit by Adam Henrique.
4:35 of 2nd period - Icing by Claude Giroux.
4:36 of 2nd period - Kyle Turris wins face-off versus Claude Giroux in Canucks zone.
4:36 of 2nd period - Kyle Turris is hit by Erik Karlsson.
5:06 of 2nd period - Shot by Thomas Vanek.
5:06 of 2nd period - Shot Misses the Net.
5:35 of 2nd period - Nazem Kadri is hit by Josh Gorges and loses puck.
5:48 of 2nd period - Jonas Brodin is hit by Braydon Coburn and loses puck.
5:57 of 2nd period - Jonas Brodin is hit by Thomas Vanek and loses puck.
6:29 of 2nd period - Oliver Ekman-Larsson is hit by P.K. Subban and loses puck.
6:45 of 2nd period - Icing by Alex Pietrangelo.
6:46 of 2nd period - Paul Gaustad wins face-off versus Brandon Pirri in Canucks zone.
7:01 of 2nd period - Shot by Vladimir Sobotka.
7:01 of 2nd period - Shot Misses the Net.
7:03 of 2nd period - Shot by Vladimir Sobotka.
7:03 of 2nd period - Deflect By Brandon Pirri.
7:03 of 2nd period - Stopped by Jhonas Enroth without a rebound.
7:04 of 2nd period - Claude Giroux wins face-off versus Jordan Staal in Sabres zone.
7:23 of 2nd period - Shot by Ryan Johansen.
7:23 of 2nd period - Shot Misses the Net.
7:25 of 2nd period - Shot by Erik Karlsson.
7:25 of 2nd period - Shot Blocked by Oliver Ekman-Larsson.
7:44 of 2nd period - Ryan Johansen is hit by Francois Beauchemin and loses puck.
7:50 of 2nd period - Adam Henrique is hit by Francois Beauchemin and loses puck.
8:13 of 2nd period - Shot by Phil Kessel.
8:13 of 2nd period - Stopped by Jhonas Enroth with a rebound.
8:21 of 2nd period - Shot by Ryan OReilly.
8:21 of 2nd period - Shot Misses the Net.
8:25 of 2nd period - Shot by Phil Kessel.
8:25 of 2nd period - Stopped by Jhonas Enroth without a rebound.
8:26 of 2nd period - Kyle Turris wins face-off versus Brent Burns in Sabres zone.
8:36 of 2nd period - Icing by Justin Braun.
8:37 of 2nd period - Paul Gaustad wins face-off versus Nazem Kadri in Canucks zone.
9:06 of 2nd period - Icing by Brad Stuart.
9:07 of 2nd period - Paul Gaustad wins face-off versus Claude Giroux in Sabres zone.
9:07 of 2nd period - Paul Gaustad is hit by Adam Henrique.
9:47 of 2nd period - Minor Penalty to Ryan Johansen for Holding Stick.
9:48 of 2nd period - Kyle Turris wins face-off versus Ryan OReilly in Canucks zone.
9:49 of 2nd period - Shot by Oliver Ekman-Larsson.
9:49 of 2nd period - Shot Blocked by Jonas Brodin.
9:51 of 2nd period - Shot by Oliver Ekman-Larsson.
9:51 of 2nd period - Shot Misses the Net.
9:53 of 2nd period - Shot by Oliver Ekman-Larsson.
9:53 of 2nd period - Stopped by Henrik Lundqvist without a rebound.
9:54 of 2nd period - Kyle Turris wins face-off versus Ryan OReilly in Canucks zone.
10:02 of 2nd period - Icing by Kyle Turris.
10:03 of 2nd period - Kyle Turris wins face-off versus Ryan OReilly in Sabres zone.
10:20 of 2nd period - Shot by Oliver Ekman-Larsson.
10:20 of 2nd period - Deflect By Jason Pominville.
10:20 of 2nd period - Stopped by Henrik Lundqvist with a rebound.
10:22 of 2nd period - Shot by Francois Beauchemin.
10:22 of 2nd period - Stopped by Henrik Lundqvist without a rebound.
10:23 of 2nd period - Nino Niederreiter wins face-off versus Ryan OReilly in Canucks zone.
10:38 of 2nd period - Shot by Jordan Staal.
10:38 of 2nd period - Shot Misses the Net.
10:40 of 2nd period - Shot by Nino Niederreiter.
10:40 of 2nd period - Stopped by Henrik Lundqvist without a rebound.
10:41 of 2nd period - Ryan OReilly wins face-off versus Kyle Turris in Canucks zone.
11:09 of 2nd period - Shot by Francois Beauchemin.
11:09 of 2nd period - Stopped by Henrik Lundqvist without a rebound.
11:10 of 2nd period - Brayden Schenn wins face-off versus Adam Henrique in Canucks zone.
11:50 of 2nd period - Shot by Jason Pominville.
11:50 of 2nd period - Shot Misses the Net.
11:52 of 2nd period - Shot by Kyle Turris.
11:52 of 2nd period - Shot Misses the Net.
11:54 of 2nd period - Shot by Oliver Ekman-Larsson.
11:54 of 2nd period - Stopped by Henrik Lundqvist without a rebound.
11:55 of 2nd period - Kyle Turris wins face-off versus Claude Giroux in Canucks zone.
12:01 of 2nd period - Thomas Vanek is hit by P.K. Subban and loses puck.
12:31 of 2nd period - Oliver Ekman-Larsson is hit by P.K. Subban and loses puck.
12:54 of 2nd period - Andrei Markov is hit by Thomas Vanek and loses puck.
13:17 of 2nd period - Shot by Brad Boyes.
13:17 of 2nd period - Stopped by Henrik Lundqvist without a rebound.
13:18 of 2nd period - Paul Gaustad wins face-off versus Nazem Kadri in Canucks zone.
13:19 of 2nd period - Shot by Nino Niederreiter.
13:19 of 2nd period - Goal by Nino Niederreiter - Canucks : 1 - Sabres : 1.
13:20 of 2nd period - Jordan Staal wins face-off versus Nazem Kadri in neutral zone.
13:29 of 2nd period - Shot by Brad Boyes.
13:29 of 2nd period - Stopped by Henrik Lundqvist without a rebound.
13:30 of 2nd period - Logan Couture wins face-off versus Jordan Staal in Canucks zone.
13:43 of 2nd period - Shot by Brad Boyes.
13:43 of 2nd period - Shot Misses the Net.
13:45 of 2nd period - Shot by Brayden Schenn.
13:45 of 2nd period - Shot Misses the Net.
13:47 of 2nd period - Shot by Josh Gorges.
13:47 of 2nd period - Stopped by Henrik Lundqvist without a rebound.
13:48 of 2nd period - Claude Giroux wins face-off versus Kyle Turris in Canucks zone.
14:00 of 2nd period - Minor Penalty to Ryan Johansen for Hooking.
14:01 of 2nd period - Jordan Staal wins face-off versus Ryan OReilly in Canucks zone.
14:02 of 2nd period - Shot by Oliver Ekman-Larsson.
14:02 of 2nd period - Stopped by Henrik Lundqvist without a rebound.
14:03 of 2nd period - Ryan OReilly wins face-off versus Kyle Turris in Canucks zone.
14:20 of 2nd period - Shot by Jason Pominville.
14:20 of 2nd period - Goal by Jason Pominville - Canucks : 1 - Sabres : 2.
14:21 of 2nd period - Jordan Staal wins face-off versus Claude Giroux in neutral zone.
14:21 of 2nd period - Braydon Coburn is hit by Ryan Johansen and loses puck.
15:34 of 2nd period - Shot by Thomas Vanek.
15:34 of 2nd period - Deflect By Jason Pominville.
15:34 of 2nd period - Stopped by Henrik Lundqvist without a rebound.
15:35 of 2nd period - Nazem Kadri wins face-off versus Paul Gaustad in Canucks zone.
16:38 of 2nd period - Phil Kessel is hit by Francois Beauchemin and loses puck.
16:46 of 2nd period - Icing by Oliver Ekman-Larsson.
16:47 of 2nd period - Kyle Turris wins face-off versus Claude Giroux in Sabres zone.
16:47 of 2nd period - Kyle Turris is hit by Ryan Johansen.
16:54 of 2nd period - Minor Penalty to Ryan Johansen for Hooking.
16:55 of 2nd period - Jordan Staal wins face-off versus Ryan OReilly in Canucks zone.
18:23 of 2nd period - Shot by Kyle Turris.
18:23 of 2nd period - Shot Misses the Net.
18:37 of 2nd period - Shot by Oliver Ekman-Larsson.
18:37 of 2nd period - Stopped by Henrik Lundqvist without a rebound.
18:38 of 2nd period - Kyle Turris wins face-off versus Ryan OReilly in Canucks zone.
19:08 of 2nd period - Shot by Nazem Kadri.
19:08 of 2nd period - Shot Misses the Net.
19:10 of 2nd period - Shot by Nazem Kadri.
19:10 of 2nd period - Shot Misses the Net.
19:12 of 2nd period - Shot by Nazem Kadri.
19:12 of 2nd period - Deflect By Chris Kreider.
19:12 of 2nd period - Stopped by Jhonas Enroth without a rebound.
19:13 of 2nd period - Claude Giroux wins face-off versus Paul Byron in Sabres zone.
19:38 of 2nd period - Paul Byron is hit by Ryan Johansen and loses puck.
Goals for this period are 0 for Canucks vs 2 for Sabres.
Shots for this period are 5 for Canucks vs 14 for Sabres.

3rd period


0:01 of 3rd period - Logan Couture wins face-off versus Kyle Turris in neutral zone.
0:06 of 3rd period - Icing by Kyle Turris.
0:07 of 3rd period - Logan Couture wins face-off versus Kyle Turris in Sabres zone.
0:14 of 3rd period - Shot by Phil Kessel.
0:14 of 3rd period - Stopped by Jhonas Enroth without a rebound.
0:15 of 3rd period - Phil Kessel wins face-off versus Kyle Turris in Sabres zone.
0:31 of 3rd period - Icing by Oliver Ekman-Larsson.
0:32 of 3rd period - Kyle Turris wins face-off versus Claude Giroux in Sabres zone.
1:02 of 3rd period - Alex Pietrangelo is hit by Kyle Turris and loses puck.
1:08 of 3rd period - Claude Giroux is hit by Francois Beauchemin and loses puck.
1:23 of 3rd period - Jason Pominville is hit by Ryan Johansen and loses puck.
1:35 of 3rd period - Icing by Kyle Turris.
1:36 of 3rd period - Kyle Turris wins face-off versus Logan Couture in Sabres zone.
2:09 of 3rd period - Shot by Josh Gorges.
2:09 of 3rd period - Stopped by Henrik Lundqvist without a rebound.
2:10 of 3rd period - Paul Gaustad wins face-off versus Nazem Kadri in Canucks zone.
2:50 of 3rd period - Icing by Chris Kreider.
2:51 of 3rd period - Jordan Staal wins face-off versus Nazem Kadri in Canucks zone.
2:54 of 3rd period - Shot by Brayden Schenn.
2:54 of 3rd period - Stopped by Henrik Lundqvist without a rebound.
2:55 of 3rd period - Jordan Staal wins face-off versus Logan Couture in Canucks zone.
2:56 of 3rd period - Shot by Brad Boyes.
2:56 of 3rd period - Stopped by Henrik Lundqvist without a rebound.
2:57 of 3rd period - Kyle Turris wins face-off versus Logan Couture in Canucks zone.
2:58 of 3rd period - Shot by Francois Beauchemin.
2:58 of 3rd period - Shot Misses the Net.
3:00 of 3rd period - Shot by Oliver Ekman-Larsson.
3:00 of 3rd period - Stopped by Henrik Lundqvist with a rebound.
3:40 of 3rd period - Shot by Phil Kessel.
3:40 of 3rd period - Shot Blocked by Oliver Ekman-Larsson.
4:24 of 3rd period - Claude Giroux is hit by Josh Gorges and loses puck.
5:19 of 3rd period - Shot by Brent Burns.
5:19 of 3rd period - Shot Misses the Net.
5:29 of 3rd period - Nino Niederreiter is hit by Chris Kreider and loses puck.
5:51 of 3rd period - Icing by Andrei Markov.
5:52 of 3rd period - Kyle Turris wins face-off versus Ryan OReilly in Canucks zone.
5:59 of 3rd period - Shot by Kyle Turris.
5:59 of 3rd period - Stopped by Henrik Lundqvist with a rebound.
6:05 of 3rd period - Shot by Jason Pominville.
6:05 of 3rd period - Stopped by Henrik Lundqvist without a rebound.
6:06 of 3rd period - Brandon Pirri wins face-off versus Kyle Turris in Canucks zone.
6:33 of 3rd period - Shot by Vladimir Sobotka.
6:33 of 3rd period - Shot Misses the Net.
6:39 of 3rd period - P.K. Subban is hit by Jason Pominville and loses puck.
7:08 of 3rd period - Off-side.
7:09 of 3rd period - Claude Giroux wins face-off versus Paul Gaustad in neutral zone.
7:28 of 3rd period - Icing by Johnny Oduya.
7:29 of 3rd period - Paul Gaustad wins face-off versus Nazem Kadri in Sabres zone.
7:29 of 3rd period - Paul Gaustad is hit by Brent Burns.
8:12 of 3rd period - Shot by Thomas Vanek.
8:12 of 3rd period - Shot Misses the Net.
8:39 of 3rd period - Claude Giroux is hit by Oliver Ekman-Larsson and loses puck.
8:55 of 3rd period - Erik Karlsson is hit by Thomas Vanek and loses puck.
9:30 of 3rd period - Shot by Jordan Staal.
9:30 of 3rd period - Deflect By Brayden Schenn.
9:30 of 3rd period - Shot Blocked by Erik Karlsson.
9:58 of 3rd period - Shot by Josh Gorges.
9:58 of 3rd period - Stopped by Henrik Lundqvist with a rebound.
9:59 of 3rd period - Minor Penalty to P.K. Subban for Holding.
10:00 of 3rd period - Brayden Schenn wins face-off versus Ryan OReilly in Canucks zone.
10:08 of 3rd period - Shot by Braydon Coburn.
10:08 of 3rd period - Stopped by Henrik Lundqvist with a rebound.
10:10 of 3rd period - Shot by Brayden Schenn.
10:10 of 3rd period - Stopped by Henrik Lundqvist without a rebound.
10:11 of 3rd period - Ryan OReilly wins face-off versus Brayden Schenn in Canucks zone.
11:39 of 3rd period - Shot by Brayden Schenn.
11:39 of 3rd period - Shot Misses the Net.
11:41 of 3rd period - Shot by Oliver Ekman-Larsson.
11:41 of 3rd period - Shot Misses the Net.
11:51 of 3rd period - Shot by Jordan Staal.
11:51 of 3rd period - Shot Misses the Net.
11:53 of 3rd period - Shot by Francois Beauchemin.
11:53 of 3rd period - Shot Misses the Net.
12:49 of 3rd period - Icing by Chris Kreider.
12:50 of 3rd period - Nazem Kadri wins face-off versus Kyle Turris in Canucks zone.
12:52 of 3rd period - Icing by Erik Karlsson.
12:53 of 3rd period - Jason Pominville wins face-off versus Nazem Kadri in Canucks zone.
13:24 of 3rd period - Shot by Josh Gorges.
13:24 of 3rd period - Stopped by Henrik Lundqvist without a rebound.
13:25 of 3rd period - Logan Couture wins face-off versus Paul Gaustad in Canucks zone.
13:30 of 3rd period - Shot by Logan Couture.
13:30 of 3rd period - Stopped by Jhonas Enroth without a rebound.
13:31 of 3rd period - Jordan Staal wins face-off versus Logan Couture in Sabres zone.
13:49 of 3rd period - Minor Penalty to Brayden Schenn for Hooking.
13:50 of 3rd period - Paul Gaustad wins face-off versus Claude Giroux in Sabres zone.
14:59 of 3rd period - Shot by Erik Karlsson.
14:59 of 3rd period - Shot Misses the Net.
15:01 of 3rd period - Shot by Logan Couture.
15:01 of 3rd period - Stopped by Jhonas Enroth without a rebound.
15:02 of 3rd period - Logan Couture wins face-off versus Paul Gaustad in Sabres zone.
15:02 of 3rd period - Logan Couture is hit by Brad Stuart.
15:34 of 3rd period - Shot by Jordan Staal.
15:34 of 3rd period - Stopped by Henrik Lundqvist without a rebound.
15:35 of 3rd period - Paul Gaustad wins face-off versus Claude Giroux in Canucks zone.
16:08 of 3rd period - Shot by Thomas Vanek.
16:08 of 3rd period - Stopped by Henrik Lundqvist without a rebound.
16:09 of 3rd period - Claude Giroux wins face-off versus Jordan Staal in Canucks zone.
16:48 of 3rd period - Shot by Ryan Johansen.
16:48 of 3rd period - Stopped by Jhonas Enroth without a rebound.
16:49 of 3rd period - Logan Couture wins face-off versus Kyle Turris in Sabres zone.
16:54 of 3rd period - Shot by Phil Kessel.
16:54 of 3rd period - Shot Misses the Net.
17:00 of 3rd period - Shot by Phil Kessel.
17:00 of 3rd period - Shot Blocked by Josh Gorges.
17:02 of 3rd period - Shot by Logan Couture.
17:02 of 3rd period - Shot Hit the Post.
17:10 of 3rd period - Shot by Ryan OReilly.
17:10 of 3rd period - Deflect By Logan Couture.
17:10 of 3rd period - Goal by Logan Couture - Canucks : 2 - Sabres : 2.
17:11 of 3rd period - Paul Gaustad wins face-off versus Nazem Kadri in neutral zone.
17:20 of 3rd period - Shot by Brent Burns.
17:20 of 3rd period - Goal by Brent Burns - Canucks : 3 - Sabres : 2.
17:21 of 3rd period - Jordan Staal wins face-off versus Phil Kessel in neutral zone.
17:28 of 3rd period - Shot by Brad Boyes.
17:28 of 3rd period - Shot Misses the Net.
17:34 of 3rd period - Francois Beauchemin is hit by Logan Couture and loses puck.
18:04 of 3rd period - Andrei Markov is hit by Francois Beauchemin and loses puck.
18:54 of 3rd period - Icing by Andrei Markov.
18:55 of 3rd period - Paul Gaustad wins face-off versus Logan Couture in Canucks zone.
19:00 of 3rd period - Sabres, Jhonas Enroth is pulled from the net.
19:06 of 3rd period - Shot by Nino Niederreiter.
19:06 of 3rd period - Goal by Nino Niederreiter - Canucks : 3 - Sabres : 3.
19:06 of 3rd period - Jhonas Enroth from Sabres was sent back in the game.
19:07 of 3rd period - Kyle Turris wins face-off versus Claude Giroux in neutral zone.
19:11 of 3rd period - Kyle Turris is hit by Ryan Johansen and loses puck.
19:21 of 3rd period - Minor Penalty to Josh Gorges for Interference.
19:22 of 3rd period - Claude Giroux wins face-off versus Paul Gaustad in Sabres zone.
19:23 of 3rd period - Shot by Ryan Johansen.
19:23 of 3rd period - Stopped by Jhonas Enroth with a rebound.
19:25 of 3rd period - Shot by Ryan Johansen.
19:25 of 3rd period - Shot Blocked by Oliver Ekman-Larsson.
19:27 of 3rd period - Shot by Ryan Johansen.
19:27 of 3rd period - Shot Misses the Net.
19:39 of 3rd period - Shot by Ryan Johansen.
19:39 of 3rd period - Shot Misses the Net.
19:59 of 3rd period - Shot by Alex Pietrangelo.
19:59 of 3rd period - Shot Blocked by Brad Stuart.
Goals for this period are 2 for Canucks vs 1 for Sabres.
Shots for this period are 7 for Canucks vs 13 for Sabres.

Overtime #1


0:01 of 1st overtime period - Paul Gaustad wins face-off versus Adam Henrique in neutral zone.
1:09 of 1st overtime period - Shot by Vladimir Sobotka.
1:09 of 1st overtime period - Goal by Vladimir Sobotka - Canucks : 4 - Sabres : 3.
Goals for this period are 1 for Canucks vs 0 for Sabres.
Shots for this period are 1 for Canucks vs 0 for Sabres.


Output by the SimonT Hockey Simulator (STHS) for Stephane Roy -- Original Page W3C XHTML 1.0 Valid
Hockey Simulator - Hockey Simulation - Hockey Manager